 Dungeon Sprint DCSS version 0.29.1-2-gbd0b4ee654 (webtiles) character file.

Game seed: 12606407498393983000

10 Zeld the Chopper (level 2, -6/40 HPs)
             Began as a Minotaur Berserker on Oct 26, 2022.
             Was a Believer of Trog.
             Mangled by a vampire mosquito (10 damage)
             ... in the Dungeon (Sprint II: "The Violet Keep of Menkaure").
             The game lasted 00:00:22 (352 turns).

Zeld the Chopper (Minotaur Berserker)                Turns: 352, Time: 00:00:22

Health: -6/40      AC:  2    Str: 21    XL:     2   Next: 10%
Magic:  1/1        EV: 12    Int:  4    God:    Trog [**....]
Gold:   243        SH:  0    Dex:  9    Spells: 1/1 levels left

rFire   . . .      SeeInvis .   a - +0 hand axe
rCold   . . .      Faith    .   (no shield)
rNeg    . . .      Spirit   .   b - +0 animal skin
rPois   .          Reflect  .   (helmet restricted)
rElec   .          Harm     .   (no cloak)
rCorr   .          Rampage  .   (no gloves)
Will    .....      NoTele   +   (no boots)
Stlth   ..........              (no amulet)
HPRegen 0.13/turn               (no ring)
MPRegen 0.07/turn               (no ring)

@: berserking, slow
A: horns 2, retaliatory headbutt
a: Renounce Religion, Berserk, Trog's Hand


You were in the Dungeon.
You worshipped Trog.
Trog was pleased with you.
You visited 1 branch You collected 243 gold pieces.

Inventory:

Hand Weapons
 a - a +0 hand axe (weapon)
Armour
 b - a +0 animal skin (worn)
Scrolls
 h - a scroll of blinking
Potions
 c - a potion of curing
 d - a potion of heal wounds
 e - a potion of haste
 f - 2 potions of magic
 g - a potion of berserk rage


   Skills:
 + Level 4.3 Fighting
 * Level 4.9 Axes
 + Level 3.3 Armour
 + Level 3.0 Dodging


You had one spell level left.
You didn't know any spells.
Your spell library was empty.

Dungeon Overview and Level Annotations

Branches:
Dungeon (1/1)

Altars:

Shops:
D !:[(?*=


Innate Abilities, Weirdness & Mutations

You have a pair of horns on your head.
You reflexively headbutt those who attack you in melee.


Message History

The vampire mosquito buzzes angrily.
The vampire mosquito bites you but does no damage.
Found 4 curare-tipped darts.
A red film seems to cover your vision as you go berserk!
You feel yourself moving faster!
You feel mighty!
The vampire mosquito bites you but does no damage. x2
Your unstable footing causes you to fumble your attack.
The vampire mosquito bites you.
The vampire mosquito draws strength from your injuries!
Your unstable footing causes you to fumble your attack.
The vampire mosquito misses you.
You slice the vampire mosquito!!
Your headbutt misses the vampire mosquito.
The vampire mosquito is heavily damaged.
The vampire mosquito bites you but does no damage.
The vampire mosquito bites you!
The vampire mosquito draws strength from your injuries!
You slash the vampire mosquito!
The vampire mosquito is severely damaged.
The vampire mosquito bites you.
The vampire mosquito draws strength from your injuries!
Your unstable footing causes you to fumble your attack.
The vampire mosquito bites you!
The vampire mosquito draws strength from your injuries!
You closely miss the vampire mosquito.
The vampire mosquito is severely damaged.
The vampire mosquito closely misses you.
You furiously retaliate!
You headbutt the vampire mosquito. The vampire mosquito bites you.
* * * LOW HITPOINT WARNING * * *
The vampire mosquito draws strength from your injuries!
Your unstable footing causes you to fumble your attack.
The vampire mosquito bites you!
* * * LOW HITPOINT WARNING * * *
The vampire mosquito draws strength from your injuries!
Unknown command.
You miss the vampire mosquito.
The vampire mosquito is moderately damaged.
The vampire mosquito bites you!
You die...

... .#~ ∩.∩.∩#~
.∩.∩ #~# #+#
∩.∩..#~#.s###.##
.⌠...+~ #$+.<.+
.....#~#.s###.##
▓▓▓###~## ##†#
#~~####..###
##@~~#..##.#
#y#~##.#†## ~
#(#~~##+##~§~≈
####~~~~~~~~~~§
#+++#+++#~≈≈
○≈S≈≈ ≈≈≈≈≈≈
≈≈≈≈§§§≈+
≈○§≈§§§##


You could see a vampire mosquito.

Vanquished Creatures
  3 worms (D)
3 creatures vanquished.

Vanquished Creatures (others)
  A water moccasin (D)
1 creature vanquished.

Grand Total: 4 creatures vanquished

Notes
Turn   | Place    | Note
-------+----------+-------------------------------------------
     0 | D        | Zeld the Minotaur Berserker began the quest for the Orb.
     0 | D        | Reached XP level 1. HP: 19/19 MP: 0/0
     1 | D        | Noticed a scorpion
     1 | D        | Noticed a scorpion
   201 | D        | Noticed a lava snake
   201 | D        | Noticed a lava snake
   201 | D        | Noticed a lava snake
   205 | D        | Reached ** piety under Trog
   206 | D        | Reached XP level 2. HP: 15/27 MP: 1/1
   232 | D        | Killed a water moccasin
   339 | D        | Found Veobauzahi's Magic Scroll Shop.
   339 | D        | Found Geixaele's General Store.
   340 | D        | Found Zuuninl Xeot's Antique Armour Boutique.
   340 | D        | Found Jizoeher's Antique Weapon Boutique.
   341 | D        | Found Wuamuc's Book Boutique.
   341 | D        | Found Gyqueq's Jewellery Shop.
   341 | D        | Found Pisusuwn's Distillery.
   343 | D        | Noticed a vampire mosquito
   352 | D        | Mangled by a vampire mosquito

Illustrated notes

Levels and vault maps discovered:
D:        the_violet_keep_of_menkaure [sprint2_stairs_cluster_1,
          sprint2_shoproom, sprint2_temple, sprint2_basic_supplies,
          sprint2_obstacle_5, sprint2_obstacle_1, sprint2_obstacle_2,
          sprint2_obstacle_3, sprint2_obstacle_4, sprint2_timed_cluster_1,
          sprint2_smallroom_cluster_1, sprint2_smallroom_final_cluster_1,
          sprint2_transparent_cluster_1, sprint2_second_timed_cluster_1,
          sprint2_sniper_area_1, sprint2_heavy_combat_area_1,
          sprint2_mutation_trap_area_1, sprint2_forest_area_1,
          sprint2_light_combat_area_1, sprint2_behind_water_1,
          sprint2_near_end_vault_1]

Skill      XL: |  1 |
---------------+----+-----
Fighting       | 4 |  4.3
Axes           | 4 |  4.9
Armour         | 3 |  3.3
Dodging        | 3 |  3.0

Action                   || total
-------------------------++-------
Melee: Hand axe          ||    20
       Headbutt          ||     2
Invok: Berserk           ||     2
Armor: Animal skin       ||     6
Dodge: Dodged            ||     5
